 Dungeon Crawl Stone Soup version 0.18.1-2-ga659475 (webtiles) character file.

130 Implojin the Insei (level 4, -2/35 HPs)
             Began as a Mummy Monk on May 8, 2016.
             Slain by Menkaure (17 damage)
             ... on level 4 of the Dungeon.
             The game lasted 00:13:35 (6495 turns).

Implojin the Insei (Mummy Monk)                     Turns: 6495, Time: 00:13:36

Health: -2/35      AC:  3    Str: 14    XL:     4   Next: 90%
Magic:  4/4        EV: 12    Int:  9    God:
Gold:   76         SH:  3    Dex: 15    Spells: 0 memorised, 3 levels left

rFire  x . .     SeeInvis .       - Unarmed
rCold  + . .     Gourm    .     (no armour)
rNeg   + + +     Faith    .     e - +0 buckler {USING A BUCKLER, FUCK THE RULES}
rPois  ∞         Spirit   .     o - +1 hat
rElec  .         Dismiss  .     (no cloak)
rCorr  .         Reflect  .     (no gloves)
SustAt .         Harm     .     c - +1 pair of boots
MR     .....                    (no amulet)
Stlth  ++........               (no ring)
                                (no ring)

@: not resistant to hostile enchantments, unstealthy
A: no food or potions, fire vulnerability, cold resistance 1, negative energy
resistance 3, torment resistance, unbreathing
a: no special abilities


You were on level 4 of the Dungeon.
You were not hungry.

You visited 1 branch of the dungeon, and saw 6 of its levels.

You collected 275 gold pieces.
You spent 199 gold pieces at shops.

Inventory:

Armour
 c - a +1 pair of boots (worn)
 e - a +0 buckler (worn) {USING A BUCKLER, FUCK THE RULES}
 o - a +1 hat (worn)
 q - the +0 buckler of the Blind Marksman {Regen+ rCorr Str-5 Stlth+, regen is too much, VERBOTEN}
   (You bought it in a shop on level 4 of the Dungeon)

   It affects your strength (-5).
   It increases your rate of regeneration.
   It protects you from acid and corrosion.
   It makes you more stealthy.
Jewellery
 f - an uncursed amulet of the gourmand {unknown}
 i - an uncursed amulet of the gourmand {unknown}
Wands
 g - a wand of lightning (8/15)
Scrolls
 b - 2 scrolls of amnesia
 d - 4 scrolls of immolation {unknown}
 j - 2 scrolls of random uselessness
 m - a scroll of remove curse {unknown}
 n - a scroll of teleportation
 p - a scroll of fog {unknown}
Comestibles
 a - 2 royal jellies
 h - 2 bread rations (quivered)
 l - a meat ration


   Skills:
 - Level 3.0 Fighting
 - Level 2.4 Dodging
 - Level 1.5 Stealth
 * Level 5.2 Unarmed Combat


You had 3 spell levels left.
You didn't know any spells.

Dungeon Overview and Level Annotations

Branches:
Dungeon (6/15)
 Temple: D:4-7

Altars:

Shops:
D:4 [

Annotations:
D:4 Menkaure; Natasha
D:5 exclusions: worker ant and 4 more exclusions, Raderak's ghost, novice CeFi


Innate Abilities, Weirdness & Mutations

You do not eat or drink.
Your flesh is vulnerable to fire.
You are immune to poison.
Your flesh is cold resistant.
You are immune to negative energy.
You are immune to unholy pain and torment.
You can survive without breathing.


Message History

You feel yourself speed up.
You see here a ring mail.
You start resting.
HP restored.
Done exploring.
Done exploring.
Menkaure shouts!
You hit Menkaure.
Menkaure is moderately damaged.
Menkaure hits you!!
Ouch! That really hurt!
* * * LOW HITPOINT WARNING * * *
Menkaure gestures at you while chanting.
You struggle to resist.
You see here a dark potion.
Menkaure gestures at you while chanting.
You are unaffected.
There is a stone staircase leading up here.
You start resting.
HP restored.
Menkaure shouts!
There is an open door here.
There is an open door here.
You swing at nothing.
You swing at nothing.
You swing at nothing.
You hit Menkaure.
Menkaure is lightly damaged.
Menkaure barely misses you.
You punch Menkaure!
Menkaure is heavily damaged.
Menkaure casts a spell.
Menkaure seems to speed up.
You barely miss Menkaure.
Menkaure is heavily damaged.
Menkaure hits you!!
Ouch! That really hurt!
* * * LOW HITPOINT WARNING * * *
Menkaure hits you!
You die...

#.........# ##........#
##.##.###.# #.########
#.#..###.# #.#
#........# ##'##
###.###### ##...## ##
#.## ##.....## #. #..##
##.......## #.
##...####.........###.
##....@M.'....<....'...
#.....####.........###.
#....## ##.......## #.
#...## ##.....## #.
##.## ##...## #. ##.##
##'## ## #...#
#.######## #####
#.#.......
##∩###########.#.######


You could see Menkaure.

Vanquished Creatures
  Natasha (D:4)
  3 adders
  An adder skeleton (D:4)
  A worm (D:3)
  2 giant geckos
  5 orcs (D:4)
  2 giant cockroaches (D:1)
  9 hobgoblins
  5 jackals
  A quokka (D:2)
  A ball python (D:4)
  10 bats
  A giant gecko skeleton (D:4)
  5 giant newts
  6 goblins
  3 kobolds
  A quokka zombie (D:5)
  10 rats
67 creatures vanquished.

Notes
Turn   | Place    | Note
--------------------------------------------------------------
     0 | D:1      | Implojin the Mummy Monk began the quest for the Orb.
     0 | D:1      | Reached XP level 1. HP: 18/18 MP: 1/1
   679 | D:1      | Reached XP level 2. HP: 24/24 MP: 2/2
  1282 | D:1      | Reached skill level 4 in Unarmed Combat
  1684 | D:2      | Reached XP level 3. HP: 27/29 MP: 3/3
  4007 | D:3      | Reached XP level 4. HP: 35/35 MP: 4/4
  4171 | D:4      | Noticed Menkaure
  4522 | D:4      | Found Jaolou's Antique Armour Shop.
  4600 | D:4      | Bought a warped buckler for 199 gold pieces
  4611 | D:4      | Identified the +0 buckler of the Blind Marksman {Regen+ rCorr Str-5 Stlth+} (You bought it in a shop on level 4 of the Dungeon)
  4781 | D:4      | Noticed Natasha
  5211 | D:5      | Entered Level 5 of the Dungeon
  5483 | D:5      | Noticed Raderak's ghost (novice CeFi)
  5559 | D:6      | Reached skill level 5 in Unarmed Combat
  5675 | D:6      | Noticed a giant frog
  5737 | D:4      | Killed Natasha
  5872 | D:4      | Noticed Natasha
  6495 | D:4      | Slain by Menkaure

Skill      XL: |  1  2  3  4 |
---------------+-------------+-----
Unarmed Combat | 4 5 |  5.2
Fighting       | |  3.0
Dodging        | |  2.4
Stealth        | |  1.5

Action                   |  1- 3 |  4- 6 || total
-------------------------+-------+-------++-------
Melee: Unarmed           |   187 |    95 ||   282
       Punch             |     1 |       ||     1
  Use: Scroll            |       |    10 ||    10
 Stab: Sleeping          |     5 |     1 ||     6
Armor: Skin              |     3 |     9 ||    12
Dodge: Dodged            |    94 |    55 ||   149
Block: Buckler           |    13 |    11 ||    24

Table legend:
 A = Turns spent in this place as a percentage of turns spent in the entire game.
 B = Non-inter-level travel turns spent in this place as a percentage of non-inter-level travel turns spent in the entire game.
 C = Inter-level travel turns spent in this place as a percentage of turns spent in this place.
 D = Turns resting spent in this place as a percentage of non-inter-level travel turns spent in this place.
 E = Turns spent auto-exploring this place as a percentage of non-inter-level travel turns spent in this place.
 F = Non-inter-level travel turns spent in this place divided by the number of levels of this place that you've seen.
                   A       B       C       D       E      F
               +-------+-------+-------+-------+-------+----------------------
         Total | 100.0 | 100.0 |   0.3 |   4.0 |   6.6 | 292.0
       Dungeon | 100.0 | 100.0 |   0.3 |   4.0 |   6.6 | 292.0
               +-------+-------+-------+-------+-------+----------------------

Table legend:
 A = Kills in this place as a percentage of kills in entire the game.
 B = Kills by you in this place as a percentage of kills by you in the entire game.
 C = Kills by friends in this place as a percentage of kills by friends in the entire game.
 D = Other kills in this place as a percentage of other kills in the entire game.
 E = Experience gained in this place as a percentage of experience gained in the entire game.
 F = Experience gained in this place divided by the number of levels of this place that you have seen.
                   A       B       C       D       E      F
               +-------+-------+-------+-------+-------+----------------------
         Total | 100.0 | 100.0 |  -nan |  -nan | 100.0 |  31.2
       Dungeon | 100.0 | 100.0 |  -nan |  -nan | 100.0 |  31.2
               +-------+-------+-------+-------+-------+----------------------
